 Dungeon Crawl Stone Soup version 0.27.1 (webtiles) character file.

Game seed: 5095223237147868042

1304 shadowrider38 the Cleaver (level 8, -4/80 HPs)
             Began as a Deep Dwarf Fighter on Aug 23, 2021.
             Was an Initiate of Makhleb.
             Slain by an orc warrior (10 damage)
             ... on level 5 of the Dungeon.
             The game lasted 00:23:02 (4765 turns).

shadowrider38 the Cleaver (Deep Dwarf Fighter)      Turns: 4765, Time: 00:23:04

Health: -4/80      AC: 19    Str: 23    XL:     8   Next: 31%
Magic:  0/4        EV:  4    Int:  8    God:    Makhleb [......]
Gold:   274        SH:  9    Dex: 12    Spells: 7/7 levels left

rFire    . . .     SeeInvis .   a - +0 war axe
rCold    . . .     Faith    .   c - +0 kite shield
rNeg     . . .     Spirit   +   E - +0 plate armour
rPois    .         Reflect  .   (no helmet)
rElec    .         Harm     .   (no cloak)
rCorr    .         Rampage  .   (no gloves)
Will     +....                  (no boots)
Stlth    ..........             f - amulet of guardian spirit
HPRegen  0.00/turn              l - +4 ring of protection
MPRegen  0.09/turn              o - +4 ring of protection

@: no status effects
A: damage resistance, heal wounds, sense surroundings 1, no regeneration
a: Heal Wounds, Renounce Religion


You were on level 5 of the Dungeon.
You worshipped Makhleb.
Makhleb was noncommittal.
You visited 2 branches of the dungeon, and saw 7 of its levels.

You collected 274 gold pieces.

Inventory:

Hand Weapons
 a - a +0 war axe (weapon)
 b - a +0 vampiric whip
Missiles
 h - 101 stones (quivered)
 k - 6 atropa-tipped darts
 n - 61 poisoned darts
Armour
 c - a +0 kite shield (worn)
 E - a +0 plate armour (worn)
Jewellery
 f - an amulet of guardian spirit (around neck)
 l - a +4 ring of protection (left hand)
 o - a +4 ring of protection (right hand)
 A - a +6 ring of dexterity
Wands
 C - a wand of polymorph (11)
Scrolls
 e - a scroll of brand weapon {unknown}
 i - a scroll of blinking
 m - a scroll of torment {unknown}
 p - 2 scrolls of vulnerability {unknown}
 q - 2 scrolls of summoning {unknown}
 r - 2 scrolls of identify {unknown}
 v - a scroll of magic mapping {unknown}
 x - 2 scrolls of enchant weapon {unknown}
 y - a scroll of fog {unknown}
 B - a scroll of teleportation {unknown}
 D - 2 scrolls of fear
Potions
 d - a potion of might
 g - 2 potions of berserk rage {unknown}
 j - a potion of brilliance {unknown}
 t - 2 potions of flight {unknown}
 u - 3 potions of cancellation {unknown}
 w - 2 potions of curing {unknown}
 z - a potion of magic {unknown}


   Skills:
 + Level 7.1 Fighting
 + Level 8.1 Axes
 - Level 3.2 Armour
 - Level 3.2 Shields


You had 7 spell levels left.
You didn't know any spells.
Your spell library contained the following spells:

 Spells                   Type           Power      Damage    Failure   Level
 Frozen Ramparts          Ice            0%         1d2       100%        3
 Inner Flame              Hex/Fire       0%         N/A       100%        3
 Animate Dead             Necr           0%         N/A       100%        4
 Cause Fear               Hex            0%         N/A       100%        4
 Ice Form                 Ice/Tmut       0%         N/A       100%        4
 Summon Ice Beast         Ice/Summ       0%         N/A       100%        4
 Haunt                    Necr/Summ      0%         N/A       100%        7
 Discord                  Hex            0%         N/A       100%        8
 Infestation              Necr           0%         N/A       100%        8


Dungeon Overview and Level Annotations

Branches:
Dungeon (6/15)             Temple (1/1) D:4

Altars:
Cheibriados
Dithmenos
Gozag
Hepliaklqana
Kikubaaqudgha
Makhleb
Okawaru
Ru
Sif Muna
Trog
Uskayaw
Vehumet
Wu Jian
Xom
Yredelemnul
Zin
The Shining One

Shops:
D:2 =   D:3 :

Annotations:
D:6 1 runed translucent door, IEatYoBabies's ghost, novice OpVM


Innate Abilities, Weirdness & Mutations

You are resistant to damage.
You can heal yourself by infusing magical energy.
You passively map a small area around you.
You do not regenerate.


Message History

Something hits you but does no damage. You block the orc warrior's attack.
Something hits you but does no damage. You block the orc warrior's attack.
Something hits you.
* * * LOW HITPOINT WARNING * * *
The orc warrior hits you from afar with a +0 glaive.
* * * LOW HITPOINT WARNING * * *
Something hits you but does no damage. You block the orc warrior's attack.
Something hits you but does no damage.
The orc warrior hits you but does no damage.
Something hits you but does no damage. The orc warrior barely misses you.
Something hits you.
The orc warrior hits you from afar with a +0 glaive.
* * * LOW HITPOINT WARNING * * *
Something hits you but does no damage.
The orc warrior hits you from afar with a +0 glaive.
* * * LOW HITPOINT WARNING * * *
Something hits you but does no damage.
The orc warrior hits you but does no damage.
You hear some strange, mumbled words.
A puff of flame appears from out of thin air!
The puff of flame hits you. You block the orc warrior's attack.
You hear some strange, mumbled words.
A magic dart appears from out of thin air!
The magic dart hits you.
* * * LOW HITPOINT WARNING * * *
The orc warrior hits you but does no damage.
Something hits you but does no damage.
The orc warrior hits you from afar with a +0 glaive.
* * * LOW HITPOINT WARNING * * *
You hear some strange, mumbled words.
A magic dart appears from out of thin air!
The magic dart hits you.
* * * LOW HITPOINT WARNING * * *
The orc warrior hits you from afar with a +0 glaive.
Something hits you but does no damage.
The orc warrior hits you from afar with a +0 glaive.
* * * LOW HITPOINT WARNING * * *
Something hits you but does no damage.
The orc warrior hits you from afar with a +0 glaive!
You die...

#.######## #.#)....# #.#
#..# #.#.....# #.# ##.##
#.#.##### #.#
##..############.#.#######
#.#
..........o..........>...#
#.#
###..######.#.####.#####.#
#.# ##.## #.#<...#.#####.#
#.# #..# #.#.........##.#
#.# ##.#####.#.##@........#
#.# #..#.......{......#####
#.# ##.#.......o..........#
#.###
#...........≈≈≈≈≈§§≈§###.#..
##.........≈.......§.....#.#
#.........§.≈≈≈≈≈§≈..####.#
#.........§§≈...≈.≈..# #.#
##.####.#.≈.≈._.≈§≈..# #.#
#.## #.#.§.≈...≈.§..# #.#


You could see an orc warrior.

Vanquished Creatures
  2 water moccasins
  A sky beast (D:3)
  2 phantoms (D:5)
  A bullfrog (D:5)
  3 scorpions
  A water moccasin zombie (D:6)
  2 water moccasin skeletons
  A bullfrog zombie (D:3)
  2 orc priests (D:6)
  4 hounds
  An iguana (D:5)
  3 orc wizards
  A killer bee zombie (D:6)
  5 adders
  An adder skeleton (D:4)
  A dart slug (D:1)
  13 orcs
  4 bats
  8 endoplasms
  2 giant cockroaches (D:4)
  6 goblins
  6 hobgoblins
  6 jackals (D:1)
  3 quokkas (D:1)
  8 ball pythons
  3 frilled lizards
  9 kobolds
  10 rats
109 creatures vanquished.

Notes
Turn   | Place    | Note
-------+----------+-------------------------------------------
     0 | D:1      | shadowrider38 the Deep Dwarf Fighter began the quest for
                  | the Orb.
     0 | D:1      | Reached XP level 1. HP: 20/20 MP: 1/1
    52 | D:1      | Reached XP level 2. HP: 23/28 MP: 2/2
   273 | D:1      | Reached skill level 3 in Axes
   356 | D:1      | Found a faded altar of an unknown god.
   500 | D:1      | Reached XP level 3. HP: 21/34 MP: 0/3
   945 | D:2      | Found Leyprazo's Jewellery Shop.
  1504 | D:3      | Reached XP level 4. HP: 25/44 MP: 0/4
  1665 | D:3      | Noticed a sky beast
  1689 | D:3      | Killed a sky beast
  1690 | D:3      | Reached skill level 4 in Axes
  1690 | D:3      | Reached XP level 5. HP: 21/50 MP: 0/5
  1867 | D:3      | Found a radiant altar of Vehumet.
  1916 | D:3      | Found Zaarch's Book Shop.
  2041 | D:3      | Reached skill level 5 in Axes
  2291 | D:4      | Found a staircase to the Ecumenical Temple.
  2306 | Temple   | Entered the Ecumenical Temple
  2470 | D:4      | Reached XP level 6. HP: 33/60 MP: 0/5
  2480 | D:4      | Found a hide-covered altar of Uskayaw.
  2480 | D:4      | Noticed a water moccasin
  2495 | D:4      | Killed a water moccasin
  2496 | D:4      | Reached skill level 5 in Fighting
  2705 | D:4      | Found a bloodstained altar of Trog.
  2915 | D:4      | Found a burning altar of Makhleb.
  2980 | D:5      | Entered Level 5 of the Dungeon
  3026 | D:5      | Found a hazy altar of Hepliaklqana.
  3120 | D:5      | Reached skill level 6 in Axes
  3141 | D:5      | Reached XP level 7. HP: 45/67 MP: 0/6
  3497 | D:5      | Found an ornate altar of the Wu Jian Council.
  3615 | D:4      | Became a worshipper of Makhleb the Destroyer
  4027 | D:5      | Reached skill level 7 in Axes
  4173 | D:6      | Found a glowing silver altar of Zin.
  4198 | D:6      | Noticed IEatYoBabies's ghost (novice OpVM)
  4198 | D:6      | Noticed a gargoyle
  4207 | D:6      | Noticed a shadow
  4216 | D:6      | Reached XP level 8. HP: 52/78 MP: 0/7
  4260 | D:6      | Found a shimmering altar of Xom.
  4403 | D:6      | Found a runed translucent gate.
  4445 | D:5      | Reached skill level 8 in Axes
  4765 | D:5      | Slain by an orc warrior

Illustrated notes

Levels and vault maps discovered:
D:1:      dpeg_arrival_arbitrary_c, layout_rooms,
          shapermc_ecumenical_altar_mp_vishouse, minmay_misc_feat_plants
D:2:      layout_loops_ring, serial_shops, nicolae_shop_stone,
          serial_park_tiny_1, kennysheep_potato
D:3:      layout_basic, nicolae_vehumet_altar_sigil, serial_shops,
          nicolae_shop_waterfront
D:4:      layout_cave_pools, nicolae_overflow_crystal_walls,
          mainiacjoe_overflow_brackets, amcnicky_altar_gilded,
          minmay_temple_entry_overgrown, hangedman_abyss_or_decor_lesser_grid
D:5:      layout_basic, mainiacjoe_overflow_concentric_impassable,
          kennysheep_mini_moat
D:6:      layout_cave_pools, lemuel_crystal_altar, general_overflow_altar,
          gammafunk_ghost_split
Temple:   nicolae_temple_figure_zero

Skill      XL: |  1  2  3  4  5  6  7  8 |
---------------+-------------------------+-----
Fighting       | 3 4 5 6 7 |  7.1
Axes           | 3 4 5 6 7 8 |  8.1
Armour         | |  3.2
Shields        | |  3.2

Action                   |  1- 3 |  4- 6 |  7- 9 || total
-------------------------+-------+-------+-------++-------
Melee: War axe           |   134 |   148 |    54 ||   336
       Whip              |       |     9 |   156 ||   165
Throw: Stone             |    23 |     9 |       ||    32
 Abil: Heal Wounds       |       |     4 |     4 ||     8
  Use: Scroll            |       |     2 |       ||     2
Armor: Scale mail        |    69 |    18 |       ||    87
       Chain mail        |       |    86 |    77 ||   163
       Plate armour      |       |       |   120 ||   120
Dodge: Dodged            |    37 |    19 |    44 ||   100
Block: Kite shield       |    74 |    72 |   126 ||   272
